 Dungeon Crawl Stone Soup version 0.21.1-1-g345015fe64 (webtiles) character file.

102 Faustar the Chopper (level 4, -2/39 HPs)
             Began as a Hill Orc Abyssal Knight on Feb 9, 2018.
             Was a Believer of Lugonu.
             Slain by DildoBatman's ghost (5 damage)
             ... on level 3 of the Dungeon.
             The game lasted 00:02:27 (2737 turns).

Faustar the Chopper (Hill Orc Abyssal Knight)       Turns: 2737, Time: 00:02:28

Health: -2/39      AC:  7    Str: 15    XL:     4   Next: 77%
Magic:  5/5        EV: 10    Int: 12    God:    Lugonu [**....]
Gold:   210        SH:  0    Dex: 10    Spells: 3/3 levels left

rFire    . . .     SeeInvis .   a - +1 hand axe
rCold    . . .     Gourm    .   (no shield)
rNeg     . . .     Faith    .   k - +0 ring mail
rPois    .         Spirit   .   (no helmet)
rElec    .         Reflect  .   (no cloak)
rCorr    .         Harm     .   u - +0 pair of gloves
MR       .....                  f - +0 pair of boots
Stlth    ..........             (no amulet)
HPRegen  0.13/turn              (no ring)
MPRegen  0.09/turn              (no ring)

@: no status effects
A: no striking features
a: Depart the Abyss, Bend Space, Renounce Religion


You were on level 3 of the Dungeon.
You worshipped Lugonu.
Lugonu was pleased with you.
You were hungry.

You visited 1 branch of the dungeon, and saw 3 of its levels.
You visited the Abyss 1 time.

You collected 210 gold pieces.

Inventory:

Hand Weapons
 a - a +1 hand axe (weapon)
Armour
 f - a +0 pair of boots (worn)
 k - a +0 ring mail (worn)
 u - a +0 pair of gloves (worn)
Jewellery
 m - an uncursed ring of poison resistance {unknown}
 t - an uncursed ring of positive energy {unknown}
Scrolls
 d - a scroll of immolation {unknown}
 e - 2 scrolls of magic mapping
 g - a scroll of remove curse {unknown}
 i - 6 scrolls of identify {unknown}
 l - 2 scrolls of teleportation {unknown}
 p - a scroll of fear {unknown}
Potions
 b - a potion of brilliance {unknown}
 h - a potion of degeneration {unknown}
 j - 2 potions of lignification {unknown}
 n - a potion of curing {unknown}
 o - a potion of mutation {unknown}
 q - 3 potions of heal wounds {unknown}
 r - a potion of cancellation {unknown}
 s - 3 potions of agility {unknown}
Comestibles
 c - 9 rations


   Skills:
 - Level 3.6 Fighting
 + Level 6.4 Axes
 - Level 2.1 Armour
 - Level 0.7 Dodging
 - Level 2.4 Invocations


You had 3 spell levels left.
You didn't know any spells.

Dungeon Overview and Level Annotations

Branches:
Dungeon (3/15)

Altars:
Ashenzari
Cheibriados
Makhleb
Zin

Annotations:
D:3 DildoBatman's ghost, amateur FoEn


Message History

You hit DildoBatman's ghost.
DildoBatman's ghost is severely damaged.
DildoBatman's ghost hits you.
Your ring mail prevents you from hitting DildoBatman's ghost.
DildoBatman's ghost is severely damaged.
DildoBatman's ghost hits you but does no damage.
You barely miss DildoBatman's ghost.
DildoBatman's ghost is severely damaged.
DildoBatman's ghost hits you!
* * * LOW HITPOINT WARNING * * *
x2 You completely miss DildoBatman's ghost.
DildoBatman's ghost is severely damaged.
DildoBatman's ghost barely misses you.
You closely miss DildoBatman's ghost.
DildoBatman's ghost is severely damaged.
DildoBatman's ghost hits you but does no damage.
You completely miss DildoBatman's ghost.
DildoBatman's ghost is severely damaged.
DildoBatman's ghost hits you.
You die...

###### #....# #....######
################### #.........#
..................#######.......#
.........†.....W@...)....>......#
#################.#######......##
#####..# #.####### #......# #.# #
#......######.#######
#......#.........##..
##........)....#.....
#.............#...'.
#.............##..#.


You could see DildoBatman's ghost.

Vanquished Creatures
  3 adders (D:2)
  3 worms
  2 dart slugs
  2 leopard geckos
  An orc (D:3)
  4 giant cockroaches
  7 goblins
  6 hobgoblins
  3 quokkas
  2 ball pythons (D:2)
  5 bats
  3 frilled lizards
  12 kobolds
  5 rats
58 creatures vanquished.

Notes
Turn   | Place    | Note
-------+----------+-------------------------------------------
     0 | Abyss:1  | Faustar the Hill Orc Abyssal Knight began the quest for the Orb.
     0 | Abyss:1  | Reached XP level 1. HP: 19/19 MP: 2/2
    16 | D:1      | Escaped the Abyss
    31 | D:1      | Reached skill level 3 in Axes
   193 | D:1      | Reached XP level 2. HP: 18/26 MP: 3/3
   369 | D:1      | Reached skill level 4 in Axes
   750 | D:1      | Reached XP level 3. HP: 17/31 MP: 4/4
  1136 | D:2      | Reached ** piety under Lugonu
  1178 | D:2      | Reached skill level 5 in Axes
  1787 | D:2      | Reached XP level 4. HP: 35/39 MP: 5/5
  1807 | D:2      | Found a shattered altar of Ashenzari.
  2082 | D:2      | Reached skill level 6 in Axes
  2309 | D:3      | Found a burning altar of Makhleb.
  2312 | D:3      | Found a glowing silver altar of Zin.
  2312 | D:3      | Noticed a cacodemon
  2312 | D:3      | Noticed an angel
  2351 | D:3      | Found a snail-covered altar of Cheibriados.
  2696 | D:3      | Noticed DildoBatman's ghost (amateur FoEn)
  2737 | D:3      | Slain by DildoBatman's ghost

Skill      XL: |  1  2  3  4 |
---------------+-------------+-----
Axes           | 3 4 5 6 |  6.4
Fighting       | |  3.6
Armour         | |  2.1
Dodging        | |  0.7
Invocations    | |  2.4

Action                   |  1- 3 |  4- 6 || total
-------------------------+-------+-------++-------
Melee: Hand axe          |   124 |    91 ||   215
  Use: Scroll            |     1 |       ||     1
  Eat: Chunk             |     2 |     3 ||     5
Armor: Leather armour    |    24 |       ||    24
       Ring mail         |       |    26 ||    26
Dodge: Dodged            |    65 |    38 ||   103
